AoeStats
← RidingRaccoon

Black Forest

507361305Analyzed
3v3 RM · 13d ago on Sep 17, 2026· 72m 44s· 6 players
Game mode
Random Map
Map size
Normal (6 player)
Population
200
Speed
Normal
Resources
Standard
Victory
Conquest
Starting age
Dark Age
Ending age
Imperial Age
RankedLock teamsTeams togetherTeam positionsShared explorationLock speedFull tech treeHidden civsTurbo modeCheats
Victory
Defeat
🇦🇷 Vietnamese · Argentina
828
+13
🇺🇸 Bengalis · United States
818
+14
🇺🇸 Khmer · United States
815
+14
🇦🇹 Spanish · Austria
774
-14
🇮🇹 Armenians · Italy
766
-14
🇨🇳 Teutons · China
759
-13
34542180
11:56 Feudal Age
10:11 Loom
12:18 Horse Collar
12:24 Double-Bit Axe
19:53 Castle Age
19:50 Gold Mining
19:52 Stone Mining
22:10 Bow Saw
23:05 Wheelbarrow
22:17 Town Watch
25:28 Hand Cart
26:22 Scale Mail Armor
26:36 Forging
28:17 Stone Shaft Mining
27:48 Heavy Plow
27:53 Town Patrol
29:21 Man-at-Arms
29:48 Gambesons
30:09 Squires
31:11 Caravan
31:34 Long Swordsman
31:37 Pikeman
32:03 Arson
36:41 Imperial Age
35:16 Iron Casting
34:48 Scale Barding Armor
35:00 Chain Mail Armor
35:29 Bloodlines
37:50 Conscription
36:59 Elite Teutonic Knight
37:18 Two-Handed Swordsman
37:21 Halberdier
39:35 Blast Furnace
39:13 Plate Mail Armor
40:22 Chain Barding Armor
39:26 Cavalier
39:29 Champion
41:16 Crop Rotation
41:48 Two-Man Saw
41:03 Siege Engineers
41:21 Ballistics
42:06 Chemistry
41:37 Paladin
44:45 Plate Barding Armor
47:09 Crenellations
49:45 Heavy Scorpion
56:47 Hoardings
56:27 Masonry
56:29 Fortified Wall
RidingRaccoon
0:36 Loom
12:14 Feudal Age
17:05 Castle Age
15:47 Double-Bit Axe
15:47 Horse Collar
17:08 Stone Mining
17:09 Gold Mining
25:43 Bow Saw
27:44 Wheelbarrow
26:55 Town Watch
29:33 Caravan
34:28 Imperial Age
33:05 Padded Archer Armor
32:59 Fletching
33:19 Forging
33:11 Padded Archer Armor
33:11 Scale Mail Armor
33:17 Scale Barding Armor
33:22 Heavy Plow
34:00 Hand Cart
33:45 Town Patrol
35:15 Thumb Ring
36:25 Chemistry
36:31 Two-Man Saw
35:25 Elite Skirmisher
35:29 Pikeman
36:09 Squires
35:55 Arson
36:38 Leather Archer Armor
37:23 Ballistics
37:36 Masonry
37:23 Murder Holes
37:57 Husbandry
38:07 Bloodlines
37:48 Arrowslits
38:29 Conscription
39:17 Elite Conquistador
40:34 Hoardings
42:03 Stone Shaft Mining
42:34 Halberdier
45:37 Chain Barding Armor
45:35 Chain Mail Armor
45:56 Iron Casting
45:16 Bodkin Arrow
45:51 Ring Archer Armor
56:36 Bracer
57:36 Blast Furnace
57:06 Plate Mail Armor
57:12 Plate Barding Armor
57:41 Architecture
57:22 Fortified Wall
CHFSwissMade
13:01 Feudal Age
13:58 Double-Bit Axe
19:48 Castle Age
19:03 Horse Collar
23:15 Heavy Plow
23:28 Bow Saw
23:57 Loom
26:20 Fervor
26:19 Scale Mail Armor
26:29 Forging
26:20 Padded Archer Armor
26:11 Fletching
28:18 Sanctity
28:57 Stone Mining
31:56 Gold Mining
32:25 Chain Mail Armor
32:27 Leather Archer Armor
34:07 Gold Shaft Mining
34:11 Iron Casting
33:31 Bodkin Arrow
33:38 Bodkin Arrow
36:36 Wheelbarrow
35:47 Town Watch
36:54 Town Patrol
41:00 Imperial Age
38:45 Hand Cart
38:21 Pikeman
39:01 Squires
38:56 Gambesons
39:25 Arson
39:01 Halberdier
41:20 Masonry
41:31 Ballistics
41:08 Murder Holes
42:19 Plate Mail Armor
42:49 Blast Furnace
41:50 Bracer
42:29 Conscription
43:06 Fereters
42:23 Elite Composite Bowman
43:39 Hoardings
45:33 Ring Archer Armor
theTipsyAviator
2:49 Loom
11:39 Feudal Age
12:02 Horse Collar
12:11 Double-Bit Axe
16:47 Wheelbarrow
19:08 Castle Age
20:33 Heavy Plow
20:49 Bow Saw
22:18 Fletching
22:41 Forging
22:43 Gold Mining
22:47 Stone Mining
26:00 Imperial Age
25:57 Iron Casting
26:29 Hand Cart
31:40 Blast Furnace
31:21 Gold Shaft Mining
32:13 Ballistics
31:50 Murder Holes
32:05 Siege Engineers
34:21 Stone Shaft Mining
34:55 Conscription
35:20 Tusk Swords
35:56 Bloodlines
35:48 Husbandry
35:54 Bodkin Arrow
36:09 Scale Barding Armor
36:19 Town Watch
37:26 Town Patrol
37:30 Caravan
37:47 Elite Ballista Elephant
40:23 Chemistry
39:15 Guard Tower
39:22 Murder Holes
39:41 Masonry
39:44 Fortified Wall
41:25 Bracer
41:26 Padded Archer Armor
40:56 Crossbowman
41:07 Elite Skirmisher
41:27 Arbalester
42:13 Pikeman
42:40 Arson
44:18 Keep
44:14 Architecture
43:23 Halberdier
44:59 Crop Rotation
46:30 Double Crossbow
48:54 Imperial Skirmisher
51:20 Leather Archer Armor
51:27 Chain Barding Armor
51:08 Scale Mail Armor
51:14 Onager
Cdubs33
0:58 Loom
13:30 Feudal Age
14:00 Double-Bit Axe
13:56 Horse Collar
19:28 Town Watch
23:12 Castle Age
21:40 Stone Mining
22:55 Gold Mining
23:38 Forging
23:29 Scale Mail Armor
23:19 Fletching
23:30 Padded Archer Armor
25:13 Heavy Plow
25:25 Bow Saw
26:18 Caravan
27:20 Wheelbarrow
28:23 Fervor
29:12 Iron Casting
28:37 Bodkin Arrow
29:50 Hand Cart
32:02 Ballistics
31:38 Murder Holes
31:54 Fortified Wall
31:34 Guard Tower
31:55 Masonry
33:17 Town Patrol
33:40 Bloodlines
33:31 Husbandry
33:41 Scale Barding Armor
34:11 Iron Casting
33:52 Leather Archer Armor
34:51 Gold Shaft Mining
38:23 Imperial Age
36:14 Treadmill Crane
36:12 Elite Skirmisher
38:15 Chain Barding Armor
39:11 Sanctity
38:52 Devotion
40:16 Crop Rotation
40:51 Two-Man Saw
39:32 Imperial Skirmisher
40:22 Elite Elephant Archer
42:35 Blast Furnace
42:11 Plate Barding Armor
41:20 Elite Battle Elephant
42:41 Siege Elephant
46:16 Conscription
46:02 Paiks
46:05 Bracer
46:44 Ring Archer Armor
46:57 Gambesons
47:13 Squires
46:58 Arson
46:34 Pikeman
47:49 Chain Mail Armor
47:58 Mahayana
49:14 Chemistry
48:27 Elite Ratha (Ranged)
53:33 Architecture
65:43 Siege Engineers
66:23 Onager
RUDOLF
0:28 Loom
11:52 Feudal Age
16:29 Castle Age
16:14 Wheelbarrow
16:10 Horse Collar
16:20 Double-Bit Axe
16:33 Stone Mining
20:03 Gold Mining
21:31 Bow Saw
26:20 Heavy Plow
32:03 Imperial Age
29:54 Hand Cart
31:49 Town Watch
32:22 Fortified Wall
31:53 Treadmill Crane
32:35 Ballistics
32:11 Murder Holes
32:13 Fletching
32:24 Padded Archer Armor
34:12 Crop Rotation
34:00 Bodkin Arrow
34:21 Leather Archer Armor
35:13 Chemistry
34:41 Siege Engineers
35:25 Thumb Ring
34:42 Elite Skirmisher
34:44 Crossbowman
36:20 Caravan
36:36 Bracer
37:07 Ring Archer Armor
36:02 Imperial Skirmisher
36:24 Arbalester
53:30 Two-Man Saw
55:48 Paper Money
56:08 Hoardings
Connection lost

Rejoining the realm…

Still unreachable

The connection could not be restored.

Session expired

The server has moved on; the page needs a fresh start.